 Dungeon Crawl Stone Soup version 0.28-a0-751-gef3a642a4e (webtiles) character file.

Game seed: 4987240193635291372

4419 senseless the Ruffian (level 10, 0/102 HPs)
             Began as a Troll Berserker on Oct 30, 2021.
             Was a Believer of Jiyva.
             Slain by Harold (5 damage)
             ... on level 8 of the Dungeon.
             The game lasted 00:28:20 (7276 turns).

senseless the Ruffian (Troll Berserker)             Turns: 7276, Time: 00:28:21

Health: 0/102      AC: 12    Str: 29 (34) XL:     10   Next: 14%
Magic:  0/9        EV: 10    Int:  7      God:    Jiyva [**....]
Gold:   398        SH:  0    Dex:  5      Spells: 9/9 levels left

rFire   + + .      SeeInvis .   r - +8 great sword of Cruel Justice {flame, rF++ Str+4 Int+4 Dex-4}
rCold   . . .      Faith    .   (shield currently unavailable)
rNeg    . . .      Spirit   +   I - +0 steam dragon scales
rPois   +          Reflect  .   (helmet restricted)
rElec   .          Harm     .   t - +0 cloak
rCorr   .          Rampage  .   (gloves unavailable)
Will    .....                   (boots unavailable)
Stlth   +.........              y - amulet of guardian spirit
HPRegen 1.27/turn               d - ring of poison resistance
MPRegen 0.11/turn               g - +4 ring of protection

@: marked
A: large, unfitting armour, claws 3, regeneration 1, shaggy fur 1, tough skin 1
a: Renounce Religion, Request Jelly


You were on level 8 of the Dungeon.
You worshipped Jiyva.
Jiyva was pleased with you.
You visited 1 branch of the dungeon, and saw 8 of its levels.
You also visited: Ossuary.

You collected 398 gold pieces.

Inventory:

Hand Weapons
 b - a +3 antimagic dagger
 e - a +3 vampiric trident
 j - a +1 dagger of venom
 r - the +8 great sword of Cruel Justice (weapon) {flame, rF++ Str+4 Int+4 Dex-4}
   (You found it on level 2 of the Dungeon)

   It burns those it strikes, dealing additional fire damage.
   Big, fiery blades are also staple armaments of hydra-hunters.
   Str:       It affects your strength (+4).
   Int:       It affects your intelligence (+4).
   Dex:       It affects your dexterity (-4).
   rF:        It greatly protects you from fire.
Missiles
 f - 6 javelins
 h - 6 boomerangs (quivered)
 u - 6 curare-tipped darts
 C - 4 datura-tipped darts
 D - 23 poisoned darts
 G - 4 silver boomerangs
Armour
 l - a +2 robe of cold resistance
 t - a +0 cloak (worn)
 I - +0 steam dragon scales (worn)
Jewellery
 d - a ring of poison resistance (left claw)
 g - a +4 ring of protection (right claw)
 s - an amulet of magic regeneration
 w - a ring of magical power
 y - an amulet of guardian spirit (around neck)
Wands
 F - a wand of flame (12)
Scrolls
 m - a scroll of teleportation
 p - a scroll of blinking
 z - 3 scrolls of identify
 A - a scroll of fear
 E - 2 scrolls of enchant weapon
Potions
 a - 2 potions of heal wounds
 c - 2 potions of haste
 i - 2 potions of attraction
 k - a potion of flight
 n - a potion of invisibility
 o - 4 potions of lignification
 q - 2 potions of magic
 v - 2 potions of berserk rage
 x - a potion of cancellation
 B - 3 potions of curing
 H - a potion of ambrosia


   Skills:
 * Level 7.3 Fighting
 * Level 5.3 Long Blades
 * Level 7.2 Dodging
 + Level 7.3 Unarmed Combat


You had 9 spell levels left.
You didn't know any spells.
Your spell library contained the following spells:

 Spells                   Type           Power      Damage    Failure   Level
 Pain                     Necr           0%         1d4       43%         1
 Corpse Rot               Necr/Air       0%         N/A       56%         2
 Passwall                 Tmut/Erth      0%         N/A       56%         2
 Poisonous Vapours        Pois/Air       0%         N/A       56%         2
 Gell's Gravitas          Tloc           0%         N/A       80%         3
 Swiftness                Air            0%         N/A       80%         3
 Teleport Other           Tloc           0%         N/A       80%         3
 Animate Dead             Necr           0%         N/A       99%         4
 Agony                    Necr           0%         N/A       100%        5
 Excruciating Wounds      Necr           0%         N/A       100%        5
 Dispersal                Tloc           0%         N/A       100%        6
 Invisibility             Hex            0%         N/A       100%        6
 Haunt                    Necr/Summ      0%         N/A       100%        7
 Infestation              Necr           0%         N/A       100%        8


Dungeon Overview and Level Annotations

Branches:
Dungeon (8/15)             Temple (0/1) D:6         Ossuary (visited)
   Lair: D:8-11

Altars:
Makhleb
Uskayaw
Wu Jian
Zin
The Shining One
Jiyva

Annotations:
D:8 1 runed translucent door, Harold; kipponium's ghost, novice GnCA


Innate Abilities, Weirdness & Mutations

You are too large for most types of armour.
You have claws for hands.
Your natural rate of healing is unusually fast.
You are covered in fur. (AC +1)
You have tough skin. (AC +1)


Message History

You hit the two-headed ogre. You burn the two-headed ogre.
You kill the two-headed ogre!
That felt strangely unrewarding.
Harold throws a throwing net.
The throwing net hits you.
You become entangled in the net!
You struggle against the net.
Harold says, "Ah, this is what I got into this business for!"
Harold hits you with a +0 long sword!
You struggle against the net.
Harold hits you with a +0 long sword.
You tear a large gash into the net.
Harold hits you with a +0 long sword!
* * * LOW HITPOINT WARNING * * *
You rip the net and break free!
Harold hits you with a +0 long sword!
* * * LOW HITPOINT WARNING * * *
You slash Harold! You burn Harold.
Harold is moderately wounded.
Harold hits you with a +0 long sword!
* * * LOW HITPOINT WARNING * * *
You hit Harold. You burn Harold.
Harold is moderately wounded.
Harold points at you and mumbles some strange words.
A sentinel's mark forms upon you.
Harold considers, "I think I'll use your bounty to get a fishing boat..."
Harold hits you but does no damage.
You barely miss Harold.
Harold is moderately wounded.
Harold misses you.
You barely miss Harold.
Harold is moderately wounded.
Harold hits you with a +0 long sword!
* * * LOW HITPOINT WARNING * * *
You hit Harold. You burn Harold.
Harold is moderately wounded.
Harold hits you but does no damage. Harold hits you with a +0 long sword!
* * * LOW HITPOINT WARNING * * *
You slash Harold! You burn Harold.
Harold is heavily wounded.
Harold completely misses you.
You closely miss Harold.
Harold is heavily wounded.
Harold hits you with a +0 long sword.
You die...

####.###...O.....###.#.#.#.#..
.................# #.#.#.#.###
.......@########## #########
........######## ...............#
....J...O.J....# ######
####.##........# ......
.........###################
......J.....@@...........J....
...........###################
...........# ..........#
..........#
################################
#.....J.........................
##.######...#####################
........#.#.####


You could see Harold and a neutral jelly (wandering) (fellow slime).

Vanquished Creatures
  A two-headed ogre (D:8)
  Joseph (D:8)
  2 polar bears (D:8)
  Sigmund (D:6)
  3 yaks (D:6)
  2 steam dragons
  2 water moccasins
  Duvessa (D:7)
  A black bear (D:6)
  4 ice beasts
  A sky beast (D:6)
  An ogre (D:6)
  3 centaurs
  2 necrophages
  2 bullfrogs (D:6)
  8 water moccasin zombies
  A scorpion (D:6)
  A wyvern zombie (D:7)
  Dowan (D:7)
  2 centaur zombies (D:5)
  A gnoll shaman (D:7)
  An orc priest (D:4)
  3 bullfrog skeletons
  A hound (D:5)
  A centaur skeleton (D:3)
  3 jellies
  3 iguanas
  Natasha (twice) (D:4)
  A scorpion zombie (D:5)
  5 orc wizards
  2 mummies (Ossuary)
  Robin (D:4)
  14 gnolls
  6 adders
  4 river rats (D:5)
  A shadow imp (D:6)
  2 white imps (D:5)
  An ufetubus (D:6)
  3 adder zombies (Ossuary)
  An adder skeleton (D:4)
  4 worms
  6 dart slugs
  30 orcs
  13 ball pythons
  8 bats
  8 endoplasms
  5 giant cockroaches
  A gnoll zombie (Ossuary)
  9 hobgoblins
  6 jackals (D:1)
  4 kobolds
  8 quokkas
  4 frilled lizards
  15 goblins
  5 hobgoblin zombies (Ossuary)
  8 kobold zombies (Ossuary)
  2 orc zombies (Ossuary)
  11 rats
243 creatures vanquished.

Vanquished Creatures (others)
  3 centaurs (D:8)
  15 jellies (D:8)
  An orc wizard (D:8)
  A killer bee zombie (D:8)
  4 orcs (D:8)
  2 withered plants (D:8)
26 creatures vanquished.

Grand Total: 269 creatures vanquished

Notes
Turn   | Place    | Note
-------+----------+-------------------------------------------
     0 | D:1      | senseless the Troll Berserker began the quest for the Orb.
     0 | D:1      | Reached XP level 1. HP: 22/22 MP: 0/0
   107 | D:1      | You fall into a shaft and drop 1 floor!
   111 | D:2      | Reached XP level 2. HP: 29/29 MP: 1/1
   117 | D:2      | Reached XP level 3. HP: 36/36 MP: 2/2
   341 | D:2      | Reached ** piety under Trog
   457 | D:1      | Reached XP level 4. HP: 41/45 MP: 3/3
  1023 | D:1      | Found a faded altar of an unknown god.
  1150 | D:2      | You fall into a shaft and drop 2 floors!
  1227 | D:4      | Noticed Robin
  1239 | D:4      | Reached *** piety under Trog
  1252 | D:4      | Killed Robin
  1260 | D:4      | Reached XP level 5. HP: 51/53 MP: 4/4
  1508 | D:4      | Found a sand-covered staircase.
  1517 | Ossuary  | Entered an ossuary
  1547 | Ossuary  | Reached XP level 6. HP: 49/62 MP: 5/5
  1630 | Ossuary  | Reached skill level 5 in Unarmed Combat
  1671 | Ossuary  | Reached XP level 7. HP: 60/71 MP: 6/6
  1673 | Ossuary  | Reached **** piety under Trog
  1794 | D:4      | Noticed Natasha
  1799 | D:4      | Killed Natasha
  2561 | D:2      | Identified the +8 great sword of Cruel Justice {flame, rF++
                  | Str+4 Int+4 Dex-4}
  2803 | D:3      | Found a hide-covered altar of Uskayaw.
  2803 | D:3      | Found a burning altar of Makhleb.
  3174 | D:4      | Noticed Natasha
  3179 | D:4      | Killed Natasha
  3491 | D:5      | Entered Level 5 of the Dungeon
  3627 | D:5      | Reached skill level 1 in Long Blades
  3638 | D:5      | Reached skill level 5 in Fighting
  3638 | D:5      | Reached skill level 5 in Dodging
  3645 | D:5      | Reached XP level 8. HP: 75/80 MP: 7/7
  4280 | D:5      | Found a glowing silver altar of Zin.
  4419 | D:5      | Reached ***** piety under Trog
  4844 | D:6      | Found a staircase to the Ecumenical Temple.
  4979 | D:6      | Noticed Sigmund
  4984 | D:6      | Killed Sigmund
  4985 | D:6      | Reached XP level 9. HP: 89/89 MP: 8/8
  5191 | D:6      | Found an ornate altar of the Wu Jian Council.
  5191 | D:6      | Found a glowing golden altar of the Shining One.
  5606 | D:7      | Noticed Dowan
  5606 | D:7      | Noticed Duvessa
  5611 | D:7      | Killed Dowan
  5616 | D:7      | Killed Duvessa
  5984 | D:7      | Reached skill level 5 in Long Blades
  6210 | D:7      | Reached XP level 10. HP: 87/102 MP: 6/9
  6273 | D:8      | Found a runed translucent door.
  6273 | D:8      | Noticed kipponium's ghost (novice GnCA)
  6280 | D:8      | Found a transporter.
  6287 | D:8      | Found a viscous altar of Jiyva.
  6597 | D:8      | Found a transporter.
  6599 | D:8      | Noticed Joseph
  6601 | D:8      | Fell from the grace of Trog
  6601 | D:8      | Became a worshipper of Jiyva Juafiaq the Shapeless
  6615 | D:8      | Killed Joseph
  6642 | D:8      | Reached * piety under Jiyva
  6850 | D:8      | Reached ** piety under Jiyva
  6943 | D:8      | Noticed a two-headed ogre
  7248 | D:8      | Noticed Harold
  7265 | D:8      | Killed a two-headed ogre
  7274 | D:8      | HP: 1/102 [Harold (8)]
  7276 | D:8      | Slain by Harold

Illustrated notes

Levels and vault maps discovered:
D:1:      dpeg_arrival_boxes_within_box, layout_basic,
          hellmonk_ecumenical_altar_arch_garden
D:2:      minmay_diamond_boxcup, layout_loops_ring
D:3:      layout_basic, jmf_multi_god_temple
D:4:      layout_gridville, lightli_ossuary_entry_decrepit_ruins, uniq_natasha,
          uniq_robin
D:5:      layout_basic, zin_treasury, lightli_sewer_entry_pipes
D:6:      layout_loops_corners, gammafunk_temple_overflow_wave,
          minmay_temple_entry_ruins, chequers_serial_rivers_large_a,
          uniq_sigmund
D:7:      layout_basic, minivault_25, hangedman_decor_clover_reticule,
          minmay_misc_feat_chi, uniq_duvessa
D:8:      gammafunk_jiyva_shrine, layout_basic, gammafunk_ghost_grave,
          minmay_misc_feat_hallway, uniq_harold, uniq_joseph

Skill      XL: |  1  2  3  4  5  6  7  8  9 |
---------------+----------------------------+-----
Dodging        | 3 4 5 6 7 |  7.2
Fighting       | 3 4 5 6 7 |  7.3
Unarmed Combat | 4 5 6 7 |  7.3
Long Blades    | 1 3 5 |  5.3

Action                   |  1- 3 |  4- 6 |  7- 9 | 10-12 || total
-------------------------+-------+-------+-------+-------++-------
Melee: Unarmed           |    40 |   212 |    72 |       ||   324
       Punch             |     2 |     4 |       |       ||     6
       Great sword       |       |       |   217 |    62 ||   279
Invok: Berserk           |     1 |     1 |     2 |       ||     4
  Use: Scroll            |       |     6 |    19 |     1 ||    26
       Potion            |       |       |     1 |     1 ||     2
 Stab: Sleeping          |       |       |     1 |       ||     1
Armor: Animal skin       |     6 |    84 |    18 |       ||   108
       Robe              |       |       |   129 |       ||   129
       Steam dragon scal |       |       |     3 |    31 ||    34
Dodge: Dodged            |    17 |   101 |   175 |    40 ||   333

Table legend: (Time is in decaauts)
 A = Elapsed time spent in this place.
 B = Non-inter-level travel time spent in this place.
 C = Inter-level travel time spent in this place.
 D = Time resting spent in this place.
 E = Time spent auto-exploring this place.
 F = Levels seen in this place.
 G = Mean time per level.
                   A        B        C        D        E       F      G
               +--------+--------+--------+--------+--------+-----+--------+
         Total |   7452 |   6744 |    708 |    209 |   4975 |   9 |  828.0 |
       Dungeon |   7242 |   6534 |    708 |    209 |   4895 |   8 |  905.2 |
       Ossuary |    209 |    209 |      0 |      0 |     80 |   1 |  209.0 |
               +--------+--------+--------+--------+--------+-----+--------+

Top non-repeatable levels by time:
     D:5: 1318 daAuts
     D:4: 1183 daAuts
     D:8: 1056 daAuts
     D:6: 908 daAuts
     D:2: 737 daAuts
     D:1: 730 daAuts
     D:7: 664 daAuts
     D:3: 642 daAuts
 Ossuary: 209 daAuts
